 Dungeon Crawl Stone Soup version 0.29-a0-557-g43b9904bd1 (webtiles) character file.

Game seed: 12761049563999840781

5310 kae the Arsonist (level 10, -3/56 HPs)
             Began as a Deep Elf Fire Elementalist on June 8, 2022.
             Was a Believer of Vehumet.
             Slain by a wraith (11 damage)
             ... on level 9 of the Dungeon.
             The game lasted 00:10:07 (11518 turns).

kae the Arsonist (Deep Elf Fire Elementalist)      Turns: 11518, Time: 00:10:08

Health: -3/56      AC:  8    Str:  5    XL:     10   Next: 37%
Magic:  4/24       EV: 15    Int: 25    God:    Vehumet [**....]
Gold:   358        SH:  5    Dex: 15    Spells: 10/26 levels left

rFire   + . .      SeeInvis .   c - +1 hand axe (freeze)
rCold   x . .      Faith    .   (no shield)
rNeg    . . .      Spirit   .   a - +1 robe
rPois   .          Reflect  +   (no helmet)
rElec   .          Harm     .   m - +0 cloak
rCorr   .          Rampage  .   (no gloves)
Will    +....                   (no boots)
Stlth   ++........              h - amulet of reflection
HPRegen 0.18/turn               k - ring of fire
MPRegen 0.19/turn               j - +4 ring of protection

@: slowed, very slow
A: no striking features
a: Renounce Religion


You were on level 9 of the Dungeon.
You worshipped Vehumet.
Vehumet was pleased with you.
You visited 2 branches of the dungeon, and saw 10 of its levels.

You collected 467 gold pieces.
You spent 109 gold pieces at shops.

Inventory:

Hand Weapons
 c - a +1 hand axe of freezing (weapon)
 H - the +14 obsidian axe {vorpal, Mesm Drain Fly SInv}
   (You found it on level 8 of the Dungeon)

   It inflicts extra damage upon your enemies.
   It occasionally summons demons to assist the wielder when it strikes in
   combat.
   Its wielder is mesmerised by any visible foes.
   It cannot be unequipped while any foes are visible.
   SInv:      It lets you see invisible.
   Fly:       It grants you flight.
   Drain:     It drains your maximum health when unequipped.
Missiles
 y - a throwing net
Armour
 a - a +1 robe (worn)
 m - a +0 cloak (worn)
Jewellery
 d - a ring of resist corrosion
 h - an amulet of reflection (around neck)
 j - a +4 ring of protection (right hand)
 k - a ring of fire (left hand)
 x - a ring of positive energy
Wands
 n - a wand of paralysis (8)
 v - a wand of iceblast (13)
 A - a wand of charming (9)
 D - a wand of digging (8)
 G - a wand of polymorph (7)
Scrolls
 g - 4 scrolls of teleportation
 l - a scroll of enchant armour
 p - 2 scrolls of fog
 s - 2 scrolls of identify
 u - 2 scrolls of magic mapping
 B - a scroll of enchant weapon
 F - a scroll of amnesia
Potions
 b - 2 potions of magic
 e - 3 potions of curing
 f - 4 potions of attraction
 i - 2 potions of cancellation
 o - 7 potions of mutation
 q - 2 potions of lignification
 r - a potion of haste
 t - a potion of ambrosia
 w - a potion of degeneration
 z - 2 potions of invisibility
 C - a potion of might {unknown}


   Skills:
 + Level 4.0 Fighting
 + Level 6.6 Dodging
 - Level 2.4 Stealth
 + Level 8.5 Spellcasting
 * Level 9.5 Conjurations
 * Level 10.1 Fire Magic


You had 10 spell levels left.
You knew the following spells:

 Your Spells              Type           Power      Damage    Failure   Level
a - Foxfire               Conj/Fire      100%       2x1d9     1%          1
b - Scorch                Fire           100%       2d10      1%          2
c - Conjure Flame         Conj/Fire      74%        6-21      1%          3
d - Inner Flame           Hex/Fire       52%        N/A       2%          3
e - Flame Wave            Conj/Fire      74%        2d13      1%          4
f - Swiftness             Air            10%        N/A       17%         3

Your spell library contained the following spells:

 Spells                   Type           Power      Damage    Failure   Level
 Frozen Ramparts          Ice            20%        1d4       17%         3
 Shock                    Conj/Air       100%       1d9       1%          1
 Airstrike                Air            5%         N/A       50%         4
 Passage of Golubria      Tloc           10%        N/A       50%         4
 Silence                  Hex/Air        5%         N/A       85%         5
 Lehudib's Crystal Spear  Conj/Erth      17%        10d5      100%        8


Dungeon Overview and Level Annotations

Branches:
Dungeon (9/15)             Temple (1/1) D:4            Lair (0/6) D:9
    Orc: D:9-12

Altars:
Ashenzari
Cheibriados
Dithmenos
Elyvilon
Fedhas
Gozag
Hepliaklqana
Kikubaaqudgha
Makhleb
Nemelex Xobeh
Okawaru
Qazlal
Ru
Sif Muna
Trog
Uskayaw
Vehumet
Wu Jian
Xom
Yredelemnul
Zin
The Shining One

Shops:
D:2 (=(*   D:3 [   D:4 *

Annotations:
D:4 Duvessa
D:7 exclusion: lava snake


Message History

The wraith is no longer more vulnerable to fire.
The wraith barely misses you.
Casting: Scorch (safe; 1% risk of failure)
Confirm with . or Enter, or press ? or * to list all spells.
You feel a surge of power!
Flames lash the wraith.
The wraith is moderately damaged.
The wraith's fire resistance burns away.
The wraith hits you! You block the wraith's attack.
You feel yourself speed up. The wraith barely misses you.
Casting: Scorch (safe; 1% risk of failure)
Confirm with . or Enter, or press ? or * to list all spells.
You feel a surge of power!
Flames lash the wraith.
The wraith is moderately damaged.
You block the wraith's attack. The wraith hits you!
The wraith drains your vigour!
You feel yourself slow down.
Casting: Scorch (safe; 1% risk of failure)
Confirm with . or Enter, or press ? or * to list all spells.
You feel a surge of power!
Flames lash the wraith but do no damage.
You block the wraith's attack. The wraith hits you!
The wraith is no longer more vulnerable to fire.
The wraith hits you.
* * * LOW HITPOINT WARNING * * *
Casting: Scorch (safe; 1% risk of failure)
Confirm with . or Enter, or press ? or * to list all spells.
You feel a surge of power!
Flames lash the wraith but do no damage.
The wraith hits you.
* * * LOW HITPOINT WARNING * * *
The wraith hits you but does no damage. The wraith misses you.
Casting: Scorch (safe; 1% risk of failure)
Confirm with . or Enter, or press ? or * to list all spells.
You feel a surge of power!
Flames lash the wraith.
The wraith is heavily damaged.
The wraith's fire resistance burns away.
The wraith hits you but does no damage. The wraith hits you!
You die...

###############...............#
..............................#
..............................#
.........###..........(...h.h.#
.........# #..................#
.........# #.........#######..#
.........# #...).....# #..#
########...#.####W####.# #..#
#......#...#....@....#.# #g)#
'......'..##.........#.# #.)#
#......#..#........###.# .)h#
#......#..########## ..# .h.#
#.....##.## ..# #....
#..W..#.## .. ..... #.....###
..... ......# .##'###


You could see a wraith (combustible).

Vanquished Creatures
  Maurice (D:9)
  A troll (D:9)
  A hornet (D:8)
  Eustachio (D:4)
  6 yaks (D:8)
  Grum (D:9)
  A water moccasin (D:9)
  2 orc warriors
  A sky beast (D:5)
  3 black bears
  An ice beast (D:6)
  4 wolves (D:8)
  2 centaurs
  A phantom (D:3)
  A kobold brigand (D:8)
  4 bullfrogs
  2 gnoll sergeants
  A necrophage (D:7)
  A scorpion (D:7)
  5 wights (D:8)
  Dowan (D:4)
  8 killer bees
  3 gnoll shamans
  4 hounds
  2 orc priests
  6 orc wizards
  2 iguanas (D:5)
  Ijyb (D:4)
  19 gnolls
  Robin (D:4)
  8 adders
  2 white imps
  2 worms
  2 dart slugs
  19 orcs
  7 endoplasms
  5 giant cockroaches
  16 goblins
  5 hobgoblins
  7 jackals
  13 kobolds
  A quokka (D:4)
  8 ball pythons
  8 bats
  4 frilled lizards
  8 rats
202 creatures vanquished.

Vanquished Creatures (collateral kills)
  A foxfire (D:4)
1 creature vanquished.

Vanquished Creatures (others)
  607 foxfires
  A plant (D:9)
608 creatures vanquished.

Grand Total: 811 creatures vanquished

Notes
Turn   | Place    | Note
-------+----------+-------------------------------------------
     0 | D:1      | kae the Deep Elf Fire Elementalist began the quest for the
                  | Orb.
     0 | D:1      | Reached XP level 1. HP: 10/10 MP: 6/6
   238 | D:1      | Reached XP level 2. HP: 15/15 MP: 5/8
   640 | D:1      | Learned a level 2 spell: Scorch
  1039 | D:1      | Reached XP level 3. HP: 19/19 MP: 7/9
  1477 | D:2      | Reached skill level 4 in Fire Magic
  1757 | D:2      | Identified the +4 robe "Ydomm" {Contam Will- Str+6 SInv}
  1803 | D:2      | Reached XP level 4. HP: 24/24 MP: 8/11
  1843 | D:2      | Found Icro Xeylu's General Store.
  1856 | D:2      | Bought a scroll of identify for 28 gold pieces
  1898 | D:2      | Found Muxagiwk's Jewellery Shoppe.
  1973 | D:2      | Found Lezxeucu's Weapon Shoppe.
  1980 | D:2      | Learned a level 3 spell: Conjure Flame
  2039 | D:2      | Found Naamoz's Weapon Emporium.
  2332 | D:3      | Noticed a phantom
  2341 | D:3      | Killed a phantom
  2342 | D:3      | Reached XP level 5. HP: 28/28 MP: 6/13
  2395 | D:3      | Found Kaicrono's Armour Shop.
  2962 | D:4      | Reached skill level 5 in Fire Magic
  3307 | D:4      | Found a staircase to the Ecumenical Temple.
  3336 | D:4      | Noticed Eustachio
  3373 | D:4      | Learned a level 3 spell: Inner Flame
  3434 | D:4      | Noticed Ijyb
  3466 | D:4      | Found Ujeddint's Assorted Antiques.
  3489 | D:4      | Bought a fuming yellow potion for 25 gold pieces
  3489 | D:4      | Bought a scroll of identify for 56 gold pieces
  3625 | D:4      | Noticed Robin
  3633 | D:4      | Killed Robin
  3883 | D:4      | Noticed Dowan
  3945 | D:4      | Reached XP level 6. HP: 32/32 MP: 11/14
  4016 | D:4      | Killed Ijyb
  4057 | D:4      | Found Ujeddint's Assorted Antiques.
  4101 | D:4      | Found a staircase to the Ecumenical Temple.
  4558 | D:4      | Killed Eustachio
  4605 | Temple   | Entered the Ecumenical Temple
  4680 | Temple   | Became a worshipper of Vehumet
  4711 | D:4      | Noticed Duvessa
  4875 | D:4      | Killed Dowan
  4876 | D:4      | Reached skill level 5 in Spellcasting
  4876 | D:4      | Reached skill level 5 in Conjurations
  4876 | D:4      | Reached skill level 6 in Fire Magic
  5320 | Temple   | Learned a level 3 spell: Swiftness
  5432 | D:5      | Entered Level 5 of the Dungeon
  5574 | D:5      | Reached XP level 7. HP: 36/36 MP: 11/16
  6192 | D:5      | Reached skill level 1 in Fighting
  7007 | D:6      | Reached XP level 8. HP: 41/43 MP: 15/18
  7067 | D:6      | Reached skill level 7 in Fire Magic
  7154 | D:6      | Reached * piety under Vehumet
  7154 | D:6      | Offered knowledge of Freeze by Vehumet.
  7802 | D:7      | Learned a level 4 spell: Flame Wave
  8365 | D:7      | Reached skill level 8 in Fire Magic
  8828 | D:8      | Reached XP level 9. HP: 39/49 MP: 12/21
  8942 | D:8      | Found Etaerchitz's Neck Hole.
  9104 | D:8      | Reached ** piety under Vehumet
  9116 | D:8      | Offered knowledge of Sandblast by Vehumet.
  9634 | D:8      | Reached skill level 5 in Dodging
  9967 | D:8      | Reached skill level 9 in Fire Magic
 10309 | D:8      | Found the +14 obsidian axe {vorpal, Mesm Drain Fly SInv}
 10787 | D:9      | Offered knowledge of Frozen Ramparts by Vehumet.
 10788 | D:9      | Reached XP level 10. HP: 56/56 MP: 17/24
 10811 | D:9      | Noticed Grum
 11242 | D:9      | Killed Grum
 11321 | D:9      | Found a stormy altar of Qazlal.
 11346 | D:9      | Noticed Maurice
 11356 | D:9      | Killed Maurice
 11387 | D:9      | Found a staircase to the Lair.
 11420 | D:9      | Reached skill level 10 in Fire Magic
 11518 | D:9      | Slain by a wraith

Illustrated notes

Levels and vault maps discovered:
D:1:      dpeg_arrival_renting, layout_basic, roderic_st_hans_cross,
          minmay_misc_feat_rows
D:2:      layout_rooms, serial_shops, nicolae_shop_bloodbath_and_beyond, shop,
          shop, shop, kennysheep_potato
D:3:      layout_rooms, serial_shops, shop, moated_statue,
          minmay_misc_feat_nine_boxes
D:4:      layout_rooms, minmay_temple_entry_glass, serial_shops, shop,
          uniq_duvessa, uniq_robin, uniq_eustachio, uniq_ijyb
D:5:      layout_gridville, grunt_decor_resistance
D:6:      layout_loops_ring
D:7:      layout_loops_ring, serial_shops, nicolae_inconvenience_store
D:8:      layout_loops_ring, dreamdust_deal_with_the_devil,
          nicolae_shop_sticking_my_neck_out
D:9:      layout_irregular_city, mainiacjoe_overflow_tiny_flanked,
          dpeg_oklobed_lair, david_orc_1_choice, eino_house_with_fridge,
          uniq_maurice, uniq_grum
Temple:   compressed_dpeg_triangle_lava_temple

Skill      XL: |  1  2  3  4  5  6  7  8  9 10 |
---------------+-------------------------------+-----
Conjurations   | 2 3 4 5 6 7 9 |  9.5
Fire Magic     | 4 5 6 8 9 10 | 10.1
Spellcasting   | 4 5 6 8 |  8.5
Dodging        | 3 4 6 |  6.6
Fighting       | 1 2 3 4 |  4.0
Stealth        | |  2.4

Action                   |  1- 3 |  4- 6 |  7- 9 | 10-12 || total
-------------------------+-------+-------+-------+-------++-------
Melee: Hand axe          |     8 |       |     4 |       ||    12
 Cast: Foxfire           |    67 |   106 |   162 |    17 ||   352
       Scorch            |     7 |    15 |    55 |    25 ||   102
       Inner Flame       |       |     2 |     9 |     5 ||    16
       Conjure Flame     |       |     2 |     7 |     1 ||    10
       Swiftness         |       |     1 |       |       ||     1
       Flame Wave        |       |       |     2 |     1 ||     3
  Use: Scroll            |     4 |    12 |     6 |       ||    22
       Potion            |       |       |     1 |       ||     1
Armor: Robe              |     5 |     6 |    27 |    13 ||    51
Dodge: Dodged            |    16 |    14 |    82 |    35 ||   147
Block: Other             |     2 |     6 |    28 |    20 ||    56
       Reflection        |       |       |     2 |     1 ||     3

Table legend: (Time is in decaauts)
 A = Elapsed time spent in this place.
 B = Non-inter-level travel time spent in this place.
 C = Inter-level travel time spent in this place.
 D = Time resting spent in this place.
 E = Time spent auto-exploring this place.
 F = Levels seen in this place.
 G = Mean time per level.
                   A        B        C        D        E       F      G
               +--------+--------+--------+--------+--------+-----+--------+
         Total |  11530 |  11260 |    270 |   1848 |   7608 |  10 | 1153.0 |
       Dungeon |  11295 |  11039 |    256 |   1714 |   7553 |   9 | 1255.0 |
        Temple |    235 |    221 |     14 |    134 |     55 |   1 |  235.0 |
               +--------+--------+--------+--------+--------+-----+--------+

Top non-repeatable levels by time:
     D:8: 2334 daAuts
     D:4: 2165 daAuts
     D:1: 1470 daAuts
     D:7: 1191 daAuts
     D:6: 1184 daAuts
     D:5: 979 daAuts
     D:2: 800 daAuts
     D:3: 776 daAuts
     D:9: 393 daAuts
  Temple: 235 daAuts
